 Dungeon Crawl Stone Soup version 0.19.0-20-gbc5f0c6 (webtiles) character file.

18644 Jerry the Carver (level 12, 0/69 HPs)
             Began as a Vine Stalker Berserker on Nov 17, 2016.
             Was a High Priest of Trog.
             Slain by an eight-headed hydra (5 damage)
             ... on level 3 of the Lair of Beasts.
             The game lasted 00:52:22 (9857 turns).

Jerry the Carver (Vine Stalker Berserker)           Turns: 9857, Time: 00:52:27

Health: 0/69       AC: 16    Str: 27    XL:     12   Next: 60%
Magic:  0/13       EV: 20    Int:  7    God:    Trog [*****.]
Gold:   471        SH:  0    Dex: 24    Spells: 0 memorised, 11 levels left

rFire  . . .     SeeInvis .     J - +1 rapier of Uncertain Death {flame, rC- Dex+3}
rCold  x . .     Gourm    .     P - +3 troll leather armour
rNeg   . . .     Faith    .     (no shield)
rPois  .         Spirit   +     E - +0 hat
rElec  .         Reflect  .     b - +2 cloak of Recklessness {Dex+3}
rCorr  .         Harm     .     h - +0 pair of gloves
MR     ++++.                    a - +0 pair of boots
Stlth  ++........               (no amulet)
                                U - ring of protection from magic
                                I - +6 ring of strength

@: regenerating
A: fangs 3, rugged brown scales 1, regeneration 2, shaggy fur 1, magic shield,
antimagic bite, no device heal 3, rot immunity
a: Berserk, Trog's Hand, Brothers in Arms, Burn Spellbooks, Renounce Religion


You were on level 3 of the Lair of Beasts.
You worshipped Trog.
Trog was extremely pleased with you.
You were hungry.

You visited 2 branches of the dungeon, and saw 13 of its levels.

You collected 701 gold pieces.
You spent 230 gold pieces at shops.

Inventory:

Hand Weapons
 z - a +6 great sword of holy wrath
 J - the +1 rapier of Uncertain Death (weapon) {flame, rC- Dex+3}
   (You found it on level 10 of the Dungeon)

   It has been specially enchanted to burn those struck by it, causing extra
   injury to most foes and up to half again as much damage against particularly
   susceptible opponents.
   It affects your dexterity (+3).
   It makes you vulnerable to cold.
Armour
 a - a +0 pair of boots (worn)
 b - the +2 cloak of Recklessness (worn) {Dex+3}
   (You acquired it on level 8 of the Dungeon)

   It affects your dexterity (+3).
 h - a +0 pair of gloves (worn)
 E - a +0 hat (worn)
 P - a +3 troll leather armour (worn)
Jewellery
 v - an uncursed ring of ice
 I - a +6 ring of strength (left hand)
 U - a ring of protection from magic (right hand)
Wands
 k - a wand of flame (3/48)
 t - a wand of teleportation (4/9)
 w - a wand of iceblast (9/15)
 C - a wand of enslavement (19/24)
 K - a wand of paralysis (0/24)
 R - a wand of slowing (9/48)
 X - a wand of disintegration (8/24)
Scrolls
 n - 4 scrolls of identify
 p - 2 scrolls of remove curse
 s - 6 scrolls of fear
 D - 4 scrolls of teleportation
Potions
 e - 8 potions of curing
 f - 5 potions of invisibility
 g - 5 potions of haste
 i - 3 potions of magic
 l - 6 potions of resistance
 m - 2 potions of cure mutation
 o - 4 potions of berserk rage
 q - 4 potions of brilliance
 x - 4 potions of might
 A - 2 potions of beneficial mutation
 G - 2 potions of flight
 N - a potion of agility
Books
 j - a book of Maledictions

   Spells                             Type                      Level
   a - Corona                         Hexes                        1
   b - Ensorcelled Hibernation        Hexes/Ice                    2
   c - Confuse                        Hexes                        3
   d - Tukima's Dance                 Hexes                        3
   e - Dazzling Spray                 Conjuration/Hexes            3
   Trog disapproves of the use of such an item.
 y - Axiser's Almanac of Hurtful Snow
   (You found it on level 3 of the Lair of Beasts)

   Spells                             Type                      Level
   a - Throw Icicle                   Conjuration/Ice              4
   b - Force Lance                    Conjuration/Translocation    4
   c - Lightning Bolt                 Conjuration/Air              5
   d - Freezing Cloud                 Conjuration/Ice/Air          6
   Trog disapproves of the use of such an item.
Comestibles
 c - 9 bread rations
 r - a royal jelly
 u - 5 meat rations
 F - 9 fruits
 H - 9 slices of pizza
 Q - 2 beef jerkies


   Skills:
 + Level 10.3 Fighting
 + Level 10.9 Long Blades
 - Level 7.0 Armour
 + Level 9.0 Dodging


You had 11 spell levels left.
You didn't know any spells.

Dungeon Overview and Level Annotations

Branches:
Dungeon (10/15)            Temple (0/1) D:4            Lair (3/6) D:9
  Swamp (0/4) Lair:2
  Snake: Lair:2-4    Spider: Lair:2-4       Orc: D:9-12

Altars:
Cheibriados
Elyvilon
Qazlal
Ru
Yredelemnul

Shops:
D:4 (   D:5 !

Annotations:
D:10 1 runed door


Innate Abilities, Weirdness & Mutations

You have razor-sharp teeth.
You heal very quickly.
When hurt, damage is shared between your health and your magic reserves.
Your bite disrupts and absorbs the magic of your enemies.
Potions and wands cannot restore your health.
You are immune to rotting.
You are partially covered in rugged brown scales. (AC +1, +3% HP)
You are covered in fur. (AC +1)


Message History

The eight-headed hydra bites you! The eight-headed hydra bites you.
The eight-headed hydra bites you but does no damage.
The eight-headed hydra completely misses you.
The eight-headed hydra bites you. The eight-headed hydra misses you.
The eight-headed hydra bites you but does no damage.
The eight-headed hydra bites you!
* * * LOW HITPOINT WARNING * * *
You hit the eight-headed hydra. You burn the eight-headed hydra.
You bite the eight-headed hydra. You drain its power.
You feel invigorated.
The eight-headed hydra is almost dead.
The eight-headed hydra completely misses you. x2
The eight-headed hydra bites you!
* * * LOW HITPOINT WARNING * * *
The eight-headed hydra bites you.
* * * LOW HITPOINT WARNING * * *
The eight-headed hydra completely misses you.
The eight-headed hydra bites you.
* * * LOW HITPOINT WARNING * * *
The eight-headed hydra misses you. The eight-headed hydra bites you.
You die...

#........#### #
#.........#P## #
##............### #
#...............## #
##...............## #
#P................##
###.<..P#.P........#
#.............>..##
#.)..P<.D@........#
#...)..###.......##
##......##.........# #
#......(..........## #
####.....#........# #
##....#........## #
#.<...#.........## #
##................####
#
#..................#.#


You could see an eight-headed hydra.

Vanquished Creatures
  The ghost of LupusAter the Cleaver, a journeyman FoFi of Qazlal (Lair:2)
  Erolcha (D:9)
  Fannar (Lair:3)
  The ghost of GordonOverkill the Basher, a novice OgHu of Trog (D:7)
  A hydra (D:10)
  An unseen horror (D:10)
  A hill giant (D:9)
  4 elephants (Lair:3)
  A cyclops (D:10)
  4 spiny frogs
  A komodo dragon (Lair:2)
  2 trolls
  A tyrant leech (Lair:2)
  A two-headed ogre (D:10)
  3 hippogriffs
  A vampire (D:9)
  A wyvern (Lair:2)
  A wraith (D:10)
  19 yaks
  A human (D:7)
  3 hogs (D:7)
  A basilisk (Lair:1)
  3 water moccasins (Lair:2)
  4 orc warriors
  4 porcupines
  3 phantoms
  2 ice beasts
  3 sky beasts
  2 ogres
  3 wolves (Lair:2)
  2 centaurs (D:9)
  4 crocodiles
  Blork the orc (D:5)
  8 bullfrogs
  4 scorpions
  6 killer bees (D:6)
  3 howler monkeys (D:7)
  3 crimson imps
  A quasit (D:10)
  3 bullfrog zombies
  3 jellies
  6 orc priests
  9 hounds
  3 centaur skeletons
  Jessica (D:3)
  2 iguanas
  9 orc wizards
  9 worker ants
  Robin (D:3)
  14 adders
  15 gnolls
  4 river rats (D:9)
  2 shadow imps
  An adder zombie (D:5)
  2 adder skeletons
  6 dart slugs
  3 leopard geckos
  36 orcs
  3 ball pythons
  12 bats
  5 giant cockroaches
  16 goblins
  7 hobgoblins
  12 jackals
  6 kobolds
  2 quokkas
  9 frilled lizards
  A jackal zombie (D:5)
  3 quokka zombies
  13 rats
  A spectral orc (D:5)
  A fungus (D:9)
327 creatures vanquished.

Vanquished Creatures (others)
  6 fungi (D:9)
  2 plants (D:9)
8 creatures vanquished.

Grand Total: 335 creatures vanquished

Notes
Turn   | Place    | Note
-------+----------+-------------------------------------------
     0 | D:1      | Jerry the Vine Stalker Berserker began the quest for the Orb.
     0 | D:1      | Reached XP level 1. HP: 11/11 MP: 2/2
    79 | D:1      | Reached XP level 2. HP: 6/16 MP: 1/3
   440 | D:1      | Reached XP level 3. HP: 19/20 MP: 4/4
   905 | D:1      | Reached ** piety under Trog
  1219 | D:2      | Gained mutation: Your natural rate of healing is unusually fast. [Vine Stalker growth]
  1219 | D:2      | Reached XP level 4. HP: 23/24 MP: 5/5
  1379 | D:2      | Found a sacrificial altar of Ru.
  1566 | D:3      | Reached XP level 5. HP: 21/28 MP: 4/6
  1724 | D:3      | Found a white marble altar of Elyvilon.
  1804 | D:3      | Found a snail-covered altar of Cheibriados.
  1816 | D:3      | Noticed Jessica
  1826 | D:3      | Killed Jessica
  1956 | D:3      | Noticed Robin
  1969 | D:3      | Killed Robin
  1973 | D:3      | Reached *** piety under Trog
  2099 | D:3      | Reached XP level 6. HP: 33/33 MP: 7/7
  2360 | D:4      | Found Jatseosh's Weapon Boutique.
  2384 | D:4      | Noticed a phantom
  2411 | D:4      | Killed a phantom
  2458 | D:4      | Reached XP level 7. HP: 33/37 MP: 8/8
  2533 | D:4      | Found a staircase to the Ecumenical Temple.
  2696 | D:4      | Reached skill level 5 in Long Blades
  3022 | D:5      | Entered Level 5 of the Dungeon
  3086 | D:5      | Reached **** piety under Trog
  3226 | D:5      | Gained mutation: You have razor-sharp teeth. [Vine Stalker growth]
  3226 | D:5      | Reached XP level 8. HP: 42/42 MP: 9/9
  3283 | D:5      | Noticed Blork the orc
  3292 | D:5      | Killed Blork the orc
  3306 | D:5      | Found a basalt altar of Yredelemnul.
  3586 | D:5      | Found Plog's Distillery.
  3589 | D:5      | Bought a potion of haste for 100 gold pieces
  3589 | D:5      | Bought a potion of invisibility for 80 gold pieces
  3589 | D:5      | Bought a potion of degeneration for 10 gold pieces
  3589 | D:5      | Bought a potion of brilliance for 40 gold pieces
  3741 | D:6      | Reached skill level 5 in Fighting
  3746 | D:6      | Gained mutation: You are covered in fur. (AC +1) [mutagenic meat]
  3747 | D:6      | Gained mutation: You are partially covered in rugged brown scales. (AC +1, +3% HP) [mutagenic meat]
  3909 | D:6      | Reached XP level 9. HP: 5/48 MP: 1/10
  4748 | D:7      | Reached skill level 5 in Dodging
  4755 | D:7      | Reached skill level 5 in Armour
  4841 | D:7      | Noticed GordonOverkill's ghost (novice OgHu)
  4851 | D:7      | Killed GordonOverkill's ghost
  4851 | D:7      | Reached ***** piety under Trog
  4851 | D:7      | Reached XP level 10. HP: 51/54 MP: 11/11
  5589 | D:8      | Found a sacrificial altar of Ru.
  5782 | D:8      | Received a gift from Trog
  6167 | D:8      | Identified a scroll of acquirement
  6168 | D:8      | Got an ichor-stained cloak
  6179 | D:8      | Identified the +2 cloak of Recklessness {Dex+3} (You acquired it on level 8 of the Dungeon)
  6377 | D:9      | Noticed Erolcha
  6383 | D:9      | Killed Erolcha
  6493 | D:9      | Reached XP level 11. HP: 30/61 MP: 9/12
  6578 | D:9      | Noticed a hill giant
  6582 | D:9      | Killed a hill giant
  6791 | D:9      | Found a staircase to the Lair.
  6965 | D:10     | Entered Level 10 of the Dungeon
  7177 | D:10     | Noticed a seven-headed hydra
  7182 | D:10     | Noticed a cyclops
  7227 | D:10     | Killed a cyclops
  7336 | D:10     | Killed an unseen horror
  7372 | D:10     | Killed a 14-headed hydra
  7474 | D:10     | Got a transparent rapier
  7475 | D:10     | Identified the +1 rapier of Uncertain Death {flame, rC- Dex+3} (You found it on level 10 of the Dungeon)
  7561 | D:10     | Found a runed door.
  7565 | D:10     | Found a basalt altar of Yredelemnul.
  7887 | Lair:1   | Entered Level 1 of the Lair of Beasts
  8170 | Lair:1   | Reached skill level 10 in Long Blades
  8236 | Lair:1   | Found a stormy altar of Qazlal.
  8351 | Lair:1   | Gained mutation: You heal very quickly. [Vine Stalker growth]
  8351 | Lair:1   | Reached XP level 12. HP: 60/69 MP: 13/13
  9200 | Lair:2   | Noticed LupusAter's ghost (journeyman FoFi)
  9217 | Lair:2   | Killed LupusAter's ghost
  9459 | Lair:2   | Found a staircase to the Swamp.
  9487 | Lair:3   | Noticed Fannar
  9496 | Lair:3   | Killed Fannar
  9496 | Lair:3   | Reached skill level 10 in Fighting
  9604 | Lair:3   | Identified Axiser's Almanac of Hurtful Snow
  9744 | Lair:3   | Noticed a seven-headed hydra
  9857 | Lair:3   | Slain by an eight-headed hydra

Skill      XL: |  1  2  3  4  5  6  7  8  9 10 11 12 |
---------------+-------------------------------------+-----
Fighting       | 3 4 5 6 8 9 10 | 10.3
Long Blades    | 3 4 5 6 8 9 10 | 10.9
Dodging        | 2 3 4 5 6 8 9 |  9.0
Armour         | 2 3 4 5 6 7 |  7.0

Action                   |  1- 3 |  4- 6 |  7- 9 | 10-12 || total
-------------------------+-------+-------+-------+-------++-------
Melee: Falchion          |    84 |   103 |       |       ||   187
       Bite              |    27 |    41 |   111 |   212 ||   391
       Long sword        |       |    28 |   261 |    74 ||   363
       Dagger            |       |       |    19 |       ||    19
       Great sword       |       |       |       |   254 ||   254
       Rapier            |       |       |       |     6 ||     6
Invok: Berserk           |       |     4 |     5 |     2 ||    11
       Trog's Hand       |       |       |     1 |     6 ||     7
Evoke: Wand              |       |       |       |    19 ||    19
  Use: Scroll            |       |       |       |    33 ||    33
       Potion            |       |       |       |     1 ||     1
 Stab: Sleeping          |     1 |       |       |     4 ||     5
       Distracted        |     1 |       |       |       ||     1
       Paralysed         |       |       |       |     6 ||     6
  Eat: Chunk             |     1 |     8 |    14 |    21 ||    44
Armor: Animal skin       |    11 |       |       |       ||    11
       Chain mail        |    21 |    88 |   112 |     8 ||   229
       Troll leather arm |       |       |       |   121 ||   121
       Skin              |       |       |       |    41 ||    41
Dodge: Dodged            |    56 |    68 |   130 |   350 ||   604
       Rpst.: Falchion   |    26 |    14 |       |       ||    40
       Long sword        |       |     4 |    32 |    17 ||    53
       Great sword       |       |       |       |    81 ||    81
